PA
MANCELONA TORCH @ SOUTH BEACH BLAZE
07/29/2023
 
TOP OF THE 1ST
Mancelona Torch batting - Pitching for South Beach Blaze : LHP Bernie Sanders
Pitching: LHP Bernie Sanders
Batting: RHB Ron Thomas 0-0: Swinging Strike
0-1: Swinging Strike
0-2: Strikes out looking
Batting: LHB Manuel Carmona 0-0: Swinging Strike
0-1: Ball
1-1: Called Strike
1-2: Ball
2-2: Ground out 6-3 (Groundball, 6)
Batting: RHB Ricardo Cardenas 0-0: Swinging Strike
0-1: Called Strike
0-2: Ball
1-2: Foul Ball, location: 2F
1-2: Strikes out swinging
Top of the 1st over - 0 run(s), 0 hit(s), 0 error(s), 0 left on base; Mancelona 0 - South Beach 0
BOTTOM OF THE 1ST
South Beach Blaze batting - Pitching for Mancelona Torch : RHP Pedro Núñez
Pitching: RHP Pedro Núñez
Batting: RHB Sergio Anruvio 0-0: Ball
1-0: Ball
2-0: Called Strike
2-1: Fly out, F7 (Flyball, 78M)
Batting: RHB Leonardo Ramírez 0-0: Swinging Strike
0-1: Foul Ball, location: 2F
0-2: Strikes out looking
Batting: LHB Miguel Pacheco 0-0: Ball
1-0: Called Strike
1-1: Foul Ball, location: 2F
1-2: Ball
2-2: Foul Ball, location: 2F
2-2: Foul Ball, location: 2F
2-2: Strikes out swinging
Bottom of the 1st over - 0 run(s), 0 hit(s), 0 error(s), 0 left on base; Mancelona 0 - South Beach 0
TOP OF THE 2ND
Mancelona Torch batting - Pitching for South Beach Blaze : LHP Bernie Sanders
Batting: RHB Juan Carlos Cruz 0-0: Ball
1-0: Called Strike
1-1: Foul Ball, location: 2F
1-2: Ground out 5-3 (Groundball, 56)
Batting: LHB José Hernández 0-0: Called Strike
0-1: Swinging Strike
0-2: Ball
1-2: Ball
2-2: Ball
3-2: Strikes out swinging
Batting: RHB Jim Unknown 0-0: Ball
1-0: Foul Ball, location: 2F
1-1: Ball
2-1: Ground out 5-3 (Groundball, 5L)
Top of the 2nd over - 0 run(s), 0 hit(s), 0 error(s), 0 left on base; Mancelona 0 - South Beach 0
BOTTOM OF THE 2ND
South Beach Blaze batting - Pitching for Mancelona Torch : RHP Pedro Núñez
Batting: LHB Tomás Mejía 0-0: Ball
1-0: Swinging Strike
1-1: Called Strike
1-2: Fly out, F9 (Flyball, 9S)
Batting: RHB Dimian Menres 0-0: Ball
1-0: Ball
2-0: Called Strike
2-1: Swinging Strike
2-2: Ball
3-2: Foul Ball, location: 2F
3-2: Fly out, F9 (Flyball, 9LM)
Batting: RHB Nick Ross 0-0: Foul Ball, location: 2F
0-1: Foul Ball, location: 2F
0-2: Ball
1-2: Strikes out swinging
Bottom of the 2nd over - 0 run(s), 0 hit(s), 0 error(s), 0 left on base; Mancelona 0 - South Beach 0
TOP OF THE 3RD
Mancelona Torch batting - Pitching for South Beach Blaze : LHP Bernie Sanders
Batting: RHB Juan Báez 0-0: Ball
1-0: Foul Ball, location: 2F
1-1: Ball
2-1: Swinging Strike
2-2: Ball
3-2: Strikes out swinging
Batting: RHB Bert Cook 0-0: Swinging Strike
0-1: Ball
1-1: Bunt missed!
1-2: Foul Ball, location: 2F
1-2: Ball
2-2: Ball
3-2: Base on Balls
Batting: RHB Jim Unknown 0-0: Called Strike
0-1: Ball
1-1: Ball
2-1: Foul Ball, location: 2F
2-2: Strikes out swinging
Batting: RHB Ron Thomas 0-0: Called Strike
0-1: Ground out 5-3 (Groundball, 56S)
Top of the 3rd over - 0 run(s), 0 hit(s), 0 error(s), 1 left on base; Mancelona 0 - South Beach 0
BOTTOM OF THE 3RD
South Beach Blaze batting - Pitching for Mancelona Torch : RHP Pedro Núñez
Batting: RHB Troy Charles 0-0: Fly out, F2 (Popup, 23F)
Batting: RHB León Domínguez 0-0: Called Strike
0-1: Ball
1-1: Fly out, F5 (Popup, 15S)
Batting: RHB Wade Killefer 0-0: Ball
1-0: Fly out, F9 (Flyball, 9M)
Bottom of the 3rd over - 0 run(s), 0 hit(s), 0 error(s), 0 left on base; Mancelona 0 - South Beach 0
TOP OF THE 4TH
Mancelona Torch batting - Pitching for South Beach Blaze : LHP Bernie Sanders
Batting: LHB Manuel Carmona 0-0: DOUBLE (Line Drive, 7LM)
Batting: RHB Ricardo Cardenas 0-0: Ball
1-0: Ball
2-0: Ball
3-0: Called Strike
3-1: Base on Balls
Batting: RHB Juan Carlos Cruz 0-0: Ball
1-0: Foul Ball, location: 2F
1-1: Ball
2-1: SINGLE (Groundball, 6D)
Manuel Carmona to third
Ricardo Cardenas to second
Runner from 3rd tries for Home, SAFE, no throw or cutoff
Batting: LHB José Hernández 0-0: Ball
1-0: Called Strike
1-1: Called Strike
1-2: Foul Ball, location: 2F
1-2: Ball
2-2: Fielders Choice at 2nd, 1-6 (Groundball, 15S)
Ricardo Cardenas to third
Batting: RHB Jim Unknown 0-0: Ball
1-0: Fly out, F9 (Flyball, 9LM)
Runner from 3rd tags up, OUT at HOME
Top of the 4th over - 1 run(s), 2 hit(s), 0 error(s), 1 left on base; Mancelona 1 - South Beach 0
BOTTOM OF THE 4TH
South Beach Blaze batting - Pitching for Mancelona Torch : RHP Pedro Núñez
Batting: RHB Sergio Anruvio 0-0: Ball
1-0: Fly out, F8 (Flyball, 8LM)
Batting: RHB Leonardo Ramírez 0-0: Ball
1-0: Foul Ball, location: 2F
1-1: Ball
2-1: Ground out 6-3 (Groundball, 6)
Batting: LHB Miguel Pacheco 0-0: Ball
1-0: Fly out, F8 (Flyball, 8RM)
Bottom of the 4th over - 0 run(s), 0 hit(s), 0 error(s), 0 left on base; Mancelona 1 - South Beach 0
TOP OF THE 5TH
Mancelona Torch batting - Pitching for South Beach Blaze : LHP Bernie Sanders
Batting: RHB Juan Báez 0-0: Ball
1-0: Foul Ball, location: 2F
1-1: Foul Ball, location: 2F
1-2: Ground out 6-3 (Groundball, 6)
Batting: RHB Bert Cook 0-0: Fly out, F3 (Popup, 23F)
Batting: RHB Jim Unknown 0-0: Ball
1-0: SINGLE (Line Drive, 34)
Batting: RHB Ron Thomas 0-0: Swinging Strike
0-1: Swinging Strike
0-2: Strikes out swinging
Top of the 5th over - 0 run(s), 1 hit(s), 0 error(s), 1 left on base; Mancelona 1 - South Beach 0
BOTTOM OF THE 5TH
South Beach Blaze batting - Pitching for Mancelona Torch : RHP Pedro Núñez
Batting: LHB Tomás Mejía 0-0: Ball
1-0: Foul Ball, location: 2F
1-1: Swinging Strike
1-2: Strikes out swinging
Batting: RHB Dimian Menres 0-0: Ball
1-0: Called Strike
1-1: Ball
2-1: Swinging Strike
2-2: Ball
3-2: Base on Balls
Batting: RHB Nick Ross 0-0: Ball
1-0: Ground out 5-3 (Groundball, 56)
Dimian Menres to second
Batting: RHB Troy Charles 0-0: Foul Ball, location: 2F
0-1: Ball
1-1: Swinging Strike
1-2: Strikes out swinging
Bottom of the 5th over - 0 run(s), 0 hit(s), 0 error(s), 1 left on base; Mancelona 1 - South Beach 0
TOP OF THE 6TH
Mancelona Torch batting - Pitching for South Beach Blaze : LHP Bernie Sanders
Batting: LHB Manuel Carmona 0-0: Ball
1-0: Ball
2-0: SINGLE (Groundball, 3D)
Batting: RHB Ricardo Cardenas 0-0: Called Strike
0-1: Foul Ball, location: 2F
0-2: Grounds into double play, 5-4-3 (Groundball, 56)
Batting: RHB Juan Carlos Cruz 0-0: Called Strike
0-1: Ball
1-1: Foul Ball, location: 2F
1-2: Ball
2-2: Hit by Pitch
Batting: LHB José Hernández 0-0: Ball
1-0: Ball
2-0: Foul Ball, location: 2F
2-1: SINGLE (Line Drive, 34)
Juan Carlos Cruz to second
Runner from 2nd tries for 3rd, SAFE, throw made to third
Batting: RHB Jim Unknown 0-0: Swinging Strike
0-1: Swinging Strike
0-2: Foul Ball, location: 2F
0-2: Ball
1-2: Foul Ball, location: 2F
1-2: Ball
2-2: Ground out 6-3 (Groundball, 6)
Top of the 6th over - 0 run(s), 2 hit(s), 0 error(s), 2 left on base; Mancelona 1 - South Beach 0
BOTTOM OF THE 6TH
South Beach Blaze batting - Pitching for Mancelona Torch : RHP Pedro Núñez
Batting: RHB León Domínguez 0-0: Ball
1-0: Ground out 4-3 (Groundball, 4M)
Batting: RHB Wade Killefer 0-0: SINGLE (Flyball, 89S)
Batting: RHB Sergio Anruvio 0-0: Ball
1-0: Foul Ball, location: 2F
1-1: Foul Ball, location: 2F
1-2: Ball
2-2: Foul Ball, location: 2F
2-2: SINGLE (Flyball, 9LS)
Wade Killefer to second
Runner from 2nd tries for 3rd, SAFE, no throw or cutoff
Batting: RHB Leonardo Ramírez 0-0: Called Strike
0-1: Called Strike
0-2: Fly out, F9 (Flyball, 9LM)
Batting: LHB Miguel Pacheco 0-0: Called Strike
0-1: Ball
1-1: Ball
2-1: Foul Ball, location: 2F
2-2: TRIPLE (Line Drive, 6MD)
Wade Killefer scores
Sergio Anruvio scores
Batting: LHB Tomás Mejía 0-0: Ball
1-0: Ball
2-0: Ball
3-0: Called Strike
3-1: Base on Balls
Batting: RHB Dimian Menres 0-0: Fly out, F3 (Popup, 3F)
Bottom of the 6th over - 2 run(s), 3 hit(s), 0 error(s), 2 left on base; Mancelona 1 - South Beach 2
TOP OF THE 7TH
Mancelona Torch batting - Pitching for South Beach Blaze : LHP Bernie Sanders
Batting: RHB Juan Báez 0-0: Foul Ball, location: 2F
0-1: Called Strike
0-2: Ball
1-2: Ball
2-2: Ball
3-2: Strikes out swinging
Batting: RHB Bert Cook 0-0: Ball
1-0: Ball
2-0: Ball
3-0: Called Strike
3-1: Called Strike
3-2: Foul Ball, location: 2F
3-2: Base on Balls
Batting: RHB Jim Unknown 0-0: Ground out 5-3 (Groundball, 5S)
Bert Cook to second
Batting: RHB Ron Thomas 0-0: Ball
1-0: Foul Ball, location: 2F
1-1: Ground out 6-3 (Groundball, 6)
Top of the 7th over - 0 run(s), 0 hit(s), 0 error(s), 1 left on base; Mancelona 1 - South Beach 2
BOTTOM OF THE 7TH
South Beach Blaze batting - Pitching for Mancelona Torch : RHP Pedro Núñez
Batting: RHB Nick Ross 0-0: Ball
1-0: Ground out 6-3 (Groundball, 6)
Batting: RHB Troy Charles 0-0: Called Strike
0-1: Foul Ball, location: 2F
0-2: Ball
1-2: Strikes out swinging
Batting: RHB León Domínguez 0-0: Called Strike
0-1: Ball
1-1: Foul Ball, location: 2F
1-2: Ground out 5-3 (Groundball, 56)
Bottom of the 7th over - 0 run(s), 0 hit(s), 0 error(s), 0 left on base; Mancelona 1 - South Beach 2
TOP OF THE 8TH
Mancelona Torch batting - Pitching for South Beach Blaze : LHP Bernie Sanders
Batting: LHB Manuel Carmona 0-0: Foul Ball, location: 2F
0-1: Called Strike
0-2: Strikes out swinging
Batting: RHB Ricardo Cardenas 0-0: Ground out 6-3 (Groundball, 6MD)
Batting: RHB Juan Carlos Cruz 0-0: Swinging Strike
0-1: SINGLE (Line Drive, 56D)
Pitching: LHP Fernando Torrez
Batting: LHB José Hernández 0-0: Fly out, F7 (Popup, 56D)
Top of the 8th over - 0 run(s), 1 hit(s), 0 error(s), 1 left on base; Mancelona 1 - South Beach 2
BOTTOM OF THE 8TH
South Beach Blaze batting - Pitching for Mancelona Torch : RHP Pedro Núñez
Batting: RHB Wade Killefer 0-0: Called Strike
0-1: Ball
1-1: Fly out, F4 (Line Drive, 4)
Batting: RHB Sergio Anruvio 0-0: SINGLE (Line Drive, 89S)
Batting: RHB Leonardo Ramírez 0-0: Foul Ball, location: 2F
0-1: DOUBLE (Flyball, 9LS)
Sergio Anruvio to third
Batting: LHB Miguel Pacheco 0-0: SINGLE (Groundball, 56D)
Sergio Anruvio scores
Leonardo Ramírez to third
Runner from 3rd tries for Home, SAFE, throw made home
Batting: LHB Tomás Mejía 0-0: Called Strike
0-1: Foul Ball, location: 2F
0-2: Foul Ball, location: 2F
0-2: Foul Ball, location: 2F
0-2: Ball
1-2: Foul Ball, location: 2F
1-2: Ball
2-2: Foul Ball, location: 2F
2-2: Strikes out looking
Batting: RHB Dimian Menres 0-0: Ball
1-0: Foul Ball, location: 2F
1-1: Foul Ball, location: 2F
1-2: Strikes out swinging
Bottom of the 8th over - 2 run(s), 3 hit(s), 0 error(s), 1 left on base; Mancelona 1 - South Beach 4
TOP OF THE 9TH
Mancelona Torch batting - Pitching for South Beach Blaze : LHP Fernando Torrez
Pitching: RHP Carlos Ortega
Batting: RHB Jim Unknown 0-0: Called Strike
0-1: Foul Ball, location: 2F
0-2: Ball
1-2: Ball
2-2: Strikes out swinging
Batting: RHB Juan Báez 0-0: Ball
1-0: Ball
2-0: Called Strike
2-1: Swinging Strike
2-2: Strikes out swinging
Batting: RHB Bert Cook 0-0: Called Strike
0-1: Called Strike
0-2: Foul Ball, location: 2F
0-2: Reached on error, E6 (Groundball, 6M)
Batting: RHB Jim Unknown 0-0: Ball
1-0: Swinging Strike
1-1: Ball
2-1: Called Strike
2-2: Strikes out swinging
Top of the 9th over - 0 run(s), 0 hit(s), 1 error(s), 1 left on base; Mancelona 1 - South Beach 4
This league is powered by Out of the Park Baseball, the baseball management simulation game for PC, Mac and Linux
Friday, July 8th, 2016 - OOTP Baseball 16.9 Build 39